 Dungeon Crawl Stone Soup version 0.30-a0-799-g109b55a442 (webtiles) character file.

Game seed: 4978174042212000192

3269 teamwork the Trooper (level 9, -2/71 HPs)
             Began as a Demonspawn Earth Elementalist on Feb 20, 2023.
             Was a Believer of Vehumet.
             Slain by an orc warlord
             ... wielding a +5 battleaxe
              (15 damage)
             ... in a bailey.
             The game lasted 00:13:07 (8126 turns).

teamwork the Trooper (DsEE)                         Turns: 8126, Time: 00:13:08

Health: -2/71      AC:  8    Str: 10    XL:     9   Next: 68%
Magic:  18/18      EV: 14    Int: 20    God:    Vehumet [**....]
Gold:   515        SH:  0    Dex: 13    Spells: 16/20 levels left

rFire   + . .      SeeInvis .    u - +2 whip (flame)
rCold   . . .      Faith    .    (no shield)
rNeg    . . .      Spirit   .    a - +0 robe
rPois   .          Reflect  .    x - +0 helmet
rElec   .          Harm     .    v - +0 cloak
rCorr   +          Rampage  .    (no gloves)
Will    .....                    (no boots)
Stlth   ++                       r - amulet of magic regeneration
HPRegen 0.31/turn                b - ring of protection from fire
MPRegen 0.72/turn                (no ring)

@: about to teleport, studying Fighting
A: yellow scales 3, foul stench 1, magic regeneration
a: Renounce Religion


You were in a bailey.
You worshipped Vehumet.
Vehumet was pleased with you.
You visited 2 branches of the dungeon, and saw 8 of its levels.
You also visited: Bailey.

You collected 515 gold pieces.

Inventory:

Hand Weapons
 m - a +0 hand axe
 q - a +0 dagger
 u - a +2 whip of flaming (weapon)
Armour
 a - a +0 robe (worn)
 v - a +0 cloak (worn)
 x - a +0 helmet (worn)
Jewellery
 b - a ring of protection from fire (left hand)
 l - an amulet of regeneration
 r - an amulet of magic regeneration (around neck)
 C - an amulet of faith
Wands
 n - a wand of polymorph (6) (quivered)
 w - a wand of flame (20)
 A - a wand of iceblast (7)
Scrolls
 c - a scroll of enchant armour {unknown}
 d - 2 scrolls of magic mapping {unknown}
 f - 6 scrolls of identify {unknown}
 g - a scroll of enchant weapon {unknown}
 k - a scroll of teleportation
 y - a scroll of noise
 D - a scroll of acquirement
Potions
 e - 3 potions of heal wounds
 h - 3 potions of flight {unknown}
 i - 2 potions of ambrosia {unknown}
 j - a potion of degeneration {unknown}
 o - a potion of resistance
 p - 2 potions of mutation {unknown}
 s - a potion of haste {unknown}
 t - a potion of brilliance {unknown}
 z - a potion of attraction {unknown}
 B - 3 potions of invisibility {unknown}
 E - a potion of magic


   Skills:
 + Level 6.9 Fighting
 + Level 5.8 Dodging
 - Level 1.7 Stealth
 + Level 6.0 Spellcasting
 + Level 5.9 Conjurations
 - Level 0.8 Transmutations
 + Level 6.2 Earth Magic


You had 16 spell levels left.
You knew the following spells:

 Your Spells              Type           Power      Damage    Failure   Level
a - Sandblast             Erth           60%        2d14      1%          1
b - Stone Arrow           Conj/Erth      60%        3d10      2%          3

Your spell library contained the following spells:

 Spells                   Type           Power      Damage    Failure   Level
 Scorch                   Fire           12%        2d6       16%         2
 Magic Dart               Conj           100%       1d8       1%          1
 Searing Ray              Conj           58%        2d6       1%          2
 Passwall                 Tmut/Erth      16%        N/A       3%          2
 Mephitic Cloud           Conj/Pois/Air  13%        N/A       14%         3
 Call Imp                 Summ           6%         N/A       16%         2
 Petrify                  Tmut/Erth      20%        N/A       24%         4
 Inner Flame              Hex/Fire       6%         N/A       30%         3
 Summon Guardian Golem    Hex/Summ       6%         N/A       30%         3
 Fulminant Prism          Conj/Hex       8%         3d7       30%         4
 Cause Fear               Hex            3%         N/A       71%         4
 Alistair's Intoxication  Tmut/Pois      4%         N/A       94%         5
 Statue Form              Tmut/Erth      13%        N/A       98%         6
 Discord                  Hex            3%         N/A       100%        8


Dungeon Overview and Level Annotations

Branches:
Dungeon (7/15)             Temple (1/1) D:5          Bailey (1/1)

Altars:
Ashenzari
Cheibriados
Dithmenos
Fedhas
Gozag
Hepliaklqana
Kikubaaqudgha
Makhleb
Nemelex Xobeh
Okawaru
Qazlal
Ru
Sif Muna
Trog
Uskayaw
Vehumet
Wu Jian
Xom
Yredelemnul

Annotations:
D:6 1 runed translucent door, drewk1942's ghost, novice DrEE


Innate Abilities, Weirdness & Mutations

You are completely covered in yellow scales. (AC +4, rCorr)
You may rarely emit foul miasma when damaged in melee.
You regenerate magic rapidly.


Message History

Press: ? - help, Shift-Dir - straight line, f/p - orc warlord
Aim: an orc warlord, wielding a +5 battleaxe and wearing a +0 plate armour (lightly wounded, 90% to hit)
The blast of sand hits the orc warlord.
The orc warlord is lightly wounded.
The orc warlord hits you but does no damage.
The orc warlord hits you with a +5 battleaxe!!
* * * LOW HITPOINT WARNING * * *
It was a potion of heal wounds.
You feel much better.
Your surroundings suddenly seem different.
An orc warlord is nearby!
There is a fountain of clear blue water here.
An orc warlord is nearby!
There is an open door here.
Things that are here:
a +0 broad axe; a +0 ring mail
There is an open door here.
You now have 503 gold pieces (gained 8).
o - a potion of resistance
Items here: )) [[.
There is an open door here.
You now have 515 gold pieces (gained 12).
Things that are here:
a +0 hand axe; a +1 leather armour of positive energy; an orc skeleton An orc warlord is nearby!
You start waiting.
An orc warlord is nearby!
The orc warlord shouts!
You see here a +0 leather armour.
As you read the scroll of teleportation, it crumbles to dust.
You feel strangely unstable.
The orc warlord hits you with a +5 battleaxe!!
The orc warlord attacks as you move away!
The orc warlord hits you with a +5 battleaxe!
The orc warlord attacks as you move away!
The orc warlord hits you with a +5 battleaxe!
* * * LOW HITPOINT WARNING * * *
There is an open door here.
The orc warlord attacks as you move away!
The orc warlord hits you with a +5 battleaxe!
You die...

..........#).....)....#
..........#...........#
.........###.........###
)#.....###.###.....#'#.###
.###.###.....###.###.....###
...###[........###.........##
....#..........##8..........#
....#...........#8..........#
....#.........)o@)....⌠....∩#
....#.........).#8..........#
....#..........##8).).......#
...###}........###.........##
.###o###.....###.###.....###
)#.....###.###.....#'#.###
.........###.........###
).........#...........#
..........#....)......#


You could see an orc warlord.

Vanquished Creatures
  Pikel (D:4)
  Sigmund (D:3)
  A water moccasin (D:5)
  10 orc warriors
  A black bear (D:6)
  An ogre (D:5)
  3 centaurs
  A lemure (D:4)
  A phantom (D:5)
  A bullfrog (D:6)
  2 gnoll sergeants (D:6)
  2 scorpions
  4 hounds
  A jelly (D:6)
  2 orc priests (D:6)
  Ijyb (D:3)
  Jessica (D:3)
  Natasha (thrice) (D:3)
  An iguana (D:5)
  5 orc wizards
  9 adders
  10 gnolls
  2 white imps (D:6)
  2 ufetubi (D:5)
  2 worms
  2 dart slugs
  32 orcs
  6 endoplasms
  A giant cockroach (D:2)
  22 goblins
  10 hobgoblins
  7 jackals
  3 quokkas
  9 ball pythons
  7 bats
  2 frilled lizards (D:2)
  5 kobolds
  7 rats
181 creatures vanquished.

Notes
Turn   | Place    | Note
-------+----------+-------------------------------------------
     0 | D:1      | teamwork the Demonspawn Earth Elementalist began the quest
                  | for the Orb.
     0 | D:1      | Reached XP level 1. HP: 13/13 MP: 3/3
   230 | D:1      | Gained mutation: You may rarely emit foul miasma when
                  | damaged in melee. [demonic ancestry]
   230 | D:1      | Reached XP level 2. HP: 20/20 MP: 3/5
   750 | D:1      | Reached skill level 1 in Conjurations
   750 | D:1      | Gained mutation: You are partially covered in yellow
                  | scales. (AC +2) [demonic ancestry]
   750 | D:1      | Reached XP level 3. HP: 25/25 MP: 3/6
   869 | D:1      | Reached skill level 1 in Fighting
   903 | D:2      | Learned a level 3 spell: Stone Arrow
  1554 | D:2      | Got the Directory of Bad Luck and Transmigration
  1622 | D:3      | Reached XP level 4. HP: 8/32 MP: 0/7
  1978 | D:3      | Noticed Jessica
  1983 | D:3      | Killed Jessica
  2031 | D:3      | Noticed Sigmund
  2035 | D:3      | Killed Sigmund
  2036 | D:3      | Reached XP level 5. HP: 34/39 MP: 2/9
  2036 | D:3      | Reached XP level 6. HP: 41/46 MP: 2/10
  2221 | D:3      | Noticed Ijyb
  2227 | D:3      | Killed Ijyb
  2446 | D:3      | Found a faded altar of an unknown god.
  2570 | D:3      | Noticed Natasha
  2576 | D:3      | Killed Natasha
  2821 | D:3      | Found a bloodstained altar of Trog.
  2821 | D:3      | Found a burning altar of Makhleb.
  2828 | D:3      | Found a sparkling altar of Nemelex Xobeh.
  2830 | D:3      | Found an iron altar of Okawaru.
  2832 | D:3      | Found a shadowy altar of Dithmenos.
  3055 | D:3      | Found a faded altar of an unknown god.
  3111 | D:3      | Noticed Natasha
  3115 | D:3      | Killed Natasha
  3254 | D:3      | Noticed Natasha
  3261 | D:3      | Killed Natasha
  3446 | D:3      | Found a bloodstained altar of Trog.
  3446 | D:3      | Found a burning altar of Makhleb.
  3453 | D:3      | Found a sparkling altar of Nemelex Xobeh.
  3455 | D:3      | Found an iron altar of Okawaru.
  3457 | D:3      | Found a shadowy altar of Dithmenos.
  4295 | D:4      | Noticed Pikel
  4310 | D:4      | Killed Pikel
  4311 | D:4      | Gained mutation: You are mostly covered in yellow scales.
                  | (AC +3) [demonic ancestry]
  4311 | D:4      | Reached XP level 7. HP: 17/53 MP: 1/13
  4899 | D:5      | Entered Level 5 of the Dungeon
  4960 | D:5      | Found a blossoming altar of Fedhas.
  4981 | D:5      | Gained mutation: You are completely covered in yellow
                  | scales. (AC +4, rCorr) [demonic ancestry]
  4981 | D:5      | Reached XP level 8. HP: 58/60 MP: 1/14
  5375 | D:5      | Found a staircase to the Ecumenical Temple.
  5771 | Temple   | Entered the Ecumenical Temple
  5938 | Temple   | Became a worshipper of Vehumet
  5985 | D:6      | Reached skill level 5 in Earth Magic
  6193 | D:6      | Reached skill level 5 in Spellcasting
  6202 | D:6      | Noticed a +0 dagger
  6202 | D:6      | Noticed a +0 dagger
  6213 | D:6      | Found a hide-covered altar of Uskayaw.
  6390 | D:6      | Noticed drewk1942's ghost (novice DrEE)
  6402 | D:6      | Reached skill level 5 in Fighting
  6413 | D:6      | Found a runed translucent door.
  6425 | D:6      | Reached * piety under Vehumet
  6425 | D:6      | Offered knowledge of Kiss of Death by Vehumet.
  6443 | D:6      | Reached skill level 5 in Dodging
  6443 | D:6      | Reached skill level 5 in Conjurations
  6443 | D:6      | Gained mutation: You regenerate magic rapidly. [demonic
                  | ancestry]
  6443 | D:6      | Reached XP level 9. HP: 58/68 MP: 7/16
  7030 | D:7      | Found a flagged portal.
  7054 | Bailey   | Entered a bailey
  7531 | Bailey   | Offered knowledge of Scorch by Vehumet.
  7532 | Bailey   | Noticed an orc warlord
  7589 | Bailey   | Reached ** piety under Vehumet
  7921 | Bailey   | HP: 3/71 [orc warlord/+5 battleaxe (21)]
  8126 | Bailey   | Slain by an orc warlord

Illustrated notes

Levels and vault maps discovered:
D:1:      heliophobic_arrival_henge, layout_basic, minmay_box_of_dots
D:2:      layout_basic, minmay_ruptured
D:3:      layout_loops_ring, chequers_temple_overflow_minitemple,
          basic_ecumenical_altar, chequers_serial_rivers_micro_b, uniq_ijyb,
          uniq_jessica, uniq_sigmund, uniq_natasha
D:4:      layout_rooms, uniq_pikel
D:5:      layout_basic, amcnicky_altar_gilded, minmay_temple_entry_poolview,
          chequers_serial_rivers_large_a
D:6:      wander_river, layout_rooms, dancing_weapons_uskayaw,
          hellmonk_ghost_happy_afterlife, minmay_manual_moon
D:7:      layout_gridville, serial_shops, nicolae_shop_hallway_plus,
          enter_bailey_2, minmay_ruined_shrine
Temple:   nicolae_temple_bog_church
Bailey:   bailey_axe_minmay_hex_keep, bailey

Skill      XL: |  1  2  3  4  5  6  7  8  9 |
---------------+----------------------------+-----
Dodging        | 2 3 4 5 |  5.8
Conjurations   | 1 2 3 5 |  5.9
Fighting       | 1 2 3 4 5 6 |  6.9
Earth Magic    | 3 4 5 6 |  6.2
Spellcasting   | 3 4 5 6 |  6.0
Stealth        | |  1.7
Transmutations | |  0.8

Action                     |  1- 3 |  4- 6 |  7- 9 || total
---------------------------+-------+-------+-------++-------
  Melee: Unarmed           |     3 |     1 |       ||     4
         Punch             |     1 |       |       ||     1
         Dagger            |       |    12 |    11 ||    23
         Hand axe          |       |     4 |       ||     4
         Whip              |       |       |    32 ||    32
   Cast: Sandblast         |    60 |    33 |    25 ||   118
         Stone Arrow       |       |    31 |   173 ||   204
    Use: Potion            |       |     1 |     2 ||     3
         Scroll            |       |       |     6 ||     6
 Armour: Robe              |     9 |     3 |    55 ||    67
  Dodge: Dodged            |    31 |    35 |   102 ||   168

Table legend: (Time is in decaauts)
 A = Elapsed time spent in this place.
 B = Non-inter-level travel time spent in this place.
 C = Inter-level travel time spent in this place.
 D = Time resting spent in this place.
 E = Time spent auto-exploring this place.
 F = Levels seen in this place.
 G = Mean time per level.
                   A        B        C        D        E       F      G
               +--------+--------+--------+--------+--------+-----+--------+
         Total |   8233 |   8007 |    226 |     10 |   6604 |   9 |  914.8 |
       Dungeon |   6970 |   6758 |    212 |      0 |   5787 |   7 |  995.7 |
        Temple |    183 |    169 |     14 |      0 |    156 |   1 |  183.0 |
        Bailey |   1080 |   1080 |      0 |     10 |    660 |   1 | 1080.0 |
               +--------+--------+--------+--------+--------+-----+--------+

Top non-repeatable levels by time:
     D:3: 2206 daAuts
     D:5: 1081 daAuts
  Bailey: 1080 daAuts
     D:4: 1033 daAuts
     D:6: 905 daAuts
     D:1: 903 daAuts
     D:2: 814 daAuts
  Temple: 183 daAuts
     D:7: 24 daAuts
